 Dungeon Crawl Stone Soup version 0.20-a0-1126-g0f15420 (webtiles) character file.

111 wolfsongas the Poker (level 4, -1/36 HPs)
             Began as a Barachi Fighter on May 17, 2017.
             Was an Initiate of Gozag.
             Slain by an orc
             ... wielding a +0 war axe
              (7 damage)
             ... on level 3 of the Dungeon.
             The game lasted 00:05:18 (1559 turns).

wolfsongas the Poker (Barachi Fighter)              Turns: 1559, Time: 00:05:18

Health: -1/36      AC:  9    Str: 18 (19) XL:     4   Next: 92%
Magic:  4/4        EV:  4    Int: 13      God:    Gozag
Gold:   139        SH:  9    Dex: 11      Spells: 3/3 levels left

rFire    . . .     SeeInvis .   d - +2 spear (freeze)
rCold    . . .     Gourm    .   c - +0 shield
rNeg     . . .     Faith    .   h - +0 chain mail
rPois    .         Spirit   .   (helmet restricted)
rElec    .         Reflect  .   (no cloak)
rCorr    .         Harm     .   (no gloves)
MR       .....                  (no boots)
Stlth    ..........             (no amulet)
Regen    0.2/turn               (no ring)
MPRegen  0.1/turn               (no ring)

@: brilliant, gold aura, slow
A: +LOS, swims, horns 2, deterioration 1, slowness 1, evolution 1, strong legs 1
a: Hop, Potion Petition, Call Merchant, Bribe Branch, Renounce Religion


You were on level 3 of the Dungeon.
You worshipped Gozag.
Gozag was aware of your devotion.
You were full.

You visited 1 branch of the dungeon, and saw 3 of its levels.

You collected 180 gold pieces.
You paid 41 gold pieces to Gozag.

Inventory:

Hand Weapons
 d - a +2 spear of freezing (weapon)
Armour
 c - a +0 shield (worn)
 h - a +0 chain mail (worn)
Scrolls
 g - a scroll of identify
Comestibles
 f - 3 bread rations


   Skills:
 - Level 3.6 Fighting
 * Level 4.9 Polearms
 - Level 3.6 Armour
 - Level 3.2 Shields


You had 3 spell levels left.
You didn't know any spells.

Dungeon Overview and Level Annotations

Branches:
Dungeon (3/15)

Altars:
Gozag
Nemelex Xobeh


Innate Abilities, Weirdness & Mutations

Shadows flee at your approach. (+LOS)
You can swim through water.
You cover ground slowly.
You can hop short distances.
You have a pair of horns on your head.
Your body sometimes deteriorates upon taking damage.
You evolve.


Message History

You headbutt the orc priest, but do no damage.
The orc priest is moderately wounded.
You block the hobgoblin's attack. The orc hits you with a war axe.
* * * LOW HITPOINT WARNING * * *
You block the orc priest's attack.
Your shield prevents you from hitting the orc priest.
You headbutt the orc priest, but do no damage.
The orc priest is moderately wounded.
You block the hobgoblin's attack. You block the orc's attack.
You block the orc priest's attack.
You closely miss the orc priest.
The orc priest is moderately wounded.
The hobgoblin hits you but does no damage.
You hit the orc priest but do no damage.
You headbutt the orc priest.
The orc priest is heavily wounded.
The orc priest looks braver for a moment.
The orc hits you with a war axe!
You die...
Your body crumbles into a pile of gold.

... #.# ### .. ..# ... ###
.# #.###.# # #.. #.##.....#
.## #........ ...
##.###...?..# #.#
......>..o..# #.##..
#.....oogo.# #.####
##.....#@### #.# # ##....#.#
#.# # ##.#.#.# $#.# #
...#.#.# # # #.# # ### #...#
#.# #.# # #..####(# #.# #
########..###..### #.# #
##............#...#####)####
#.......[....###..##........


You could see an orc priest, 3 orcs and a hobgoblin.

Vanquished Creatures
  Terence (D:2)
  4 gnolls (D:2)
  An adder (D:2)
  An ooze (D:1)
  A worm (D:2)
  A leopard gecko (D:1)
  An orc (D:3)
  2 giant cockroaches
  4 goblins
  2 hobgoblins
  5 kobolds
  A quokka (D:2)
  2 bats (D:1)
  A frilled lizard (D:1)
  5 rats (D:1)
32 creatures vanquished.

Notes
Turn   | Place    | Note
-------+----------+-------------------------------------------
     0 | D:1      | wolfsongas the Barachi Fighter began the quest for the Orb.
     0 | D:1      | Reached XP level 1. HP: 18/18 MP: 1/1
    71 | D:1      | Reached XP level 2. HP: 24/24 MP: 2/2
   248 | D:1      | Gained mutation: You have a pair of small horns on your head. [potion of mutation]
   248 | D:1      | Gained mutation: Your body sometimes deteriorates upon taking damage. [potion of mutation]
   248 | D:1      | Gained mutation: You evolve. [potion of mutation]
   394 | D:1      | Reached skill level 3 in Polearms
   884 | D:2      | Reached XP level 3. HP: 20/29 MP: 3/3
   885 | D:2      | Noticed Terence
   887 | D:2      | Reached skill level 4 in Polearms
   890 | D:2      | Reached XP level 4. HP: 22/36 MP: 4/4
   897 | D:2      | Killed Terence
  1123 | D:2      | Gained mutation: You have a pair of horns on your head. [evolution]
  1245 | D:2      | Found an opulent altar of Gozag.
  1245 | D:2      | Found a sparkling altar of Nemelex Xobeh.
  1254 | D:2      | Became a worshipper of Gozag Ym Sagoz the Greedy
  1559 | D:3      | Slain by an orc

Vault maps used:
D:1:      dpeg_arrival_tiny_b
D:2:      grunt_temple_overflow_opulence, first_bread, uniq_terence
D:3:      cheibrodos_old_hovel, lightli_temple_of_fire

Skill      XL: |  1  2  3 |
---------------+----------+-----
Polearms       | 3 4 |  4.9
Fighting       | |  3.6
Armour         | |  3.6
Shields        | |  3.2

Action                   |  1- 3 |  4- 6 || total
-------------------------+-------+-------++-------
Melee: Trident           |    65 |     5 ||    70
       Headbutt          |     3 |    11 ||    14
       Spear             |       |    36 ||    36
Invok: Potion Petition   |       |     1 ||     1
 Abil: Hop               |     1 |       ||     1
  Use: Potion            |     3 |     4 ||     7
       Scroll            |     2 |     2 ||     4
  Eat: Chunk             |       |     2 ||     2
       Meat ration       |       |     1 ||     1
Armor: Scale mail        |    11 |     3 ||    14
       Chain mail        |       |     6 ||     6
Dodge: Dodged            |    17 |     7 ||    24
Block: Shield            |    27 |    17 ||    44
